 Dungeon Crawl Stone Soup version 0.17-a0-1528-gfee3901 (console) character file.

105 lauthentik the Sneak (level 4, 0/31 HPs)
             Began as a Vampire Enchanter on July 15, 2015.
             Slain by a worm (4 damage)
             ... on level 4 of the Dungeon.
             The game lasted 00:04:10 (1939 turns).

lauthentik the Sneak (Vampire Enchanter)            Turns: 1939, Time: 00:04:10

Health: 0/31       AC:  3    Str:  7    XL:     4   Next: 53%
Magic:  0/7        EV: 13    Int: 18    God:
Gold:   95         SH:  0    Dex: 14    Spells: 2 memorised, 5 levels left

rFire  . . .     SeeInvis +     a - +1 dagger
rCold  + . .     Clarity  .     b - +1 robe
rNeg   + + .     SustAt   .     (no shield)
rPois  +         Gourm    .     (no helmet)
rElec  .         Spirit   .     (no cloak)
rCorr  .         Warding  .     (no gloves)
rMut   .         Stasis   .     (no boots)
MR     .....                    (no amulet)
Stlth  ++++......               (no ring)
                                (no ring)

@: very slightly contaminated, regenerating slowly, not resistant to hostile
enchantments, stealthy
A: fangs 3, see invisible, unbreathing
a: Bat Form


You were on level 4 of the Dungeon.
You were very thirsty.

You visited 1 branch of the dungeon, and saw 4 of its levels.

You collected 95 gold pieces.

Inventory:

Hand weapons
 a - a +1 dagger (weapon)
Armour
 b - a +1 robe (worn)
Scrolls
 e - 2 scrolls of magic mapping {unknown}
 g - 2 scrolls of identify {unknown}
 h - a scroll of teleportation {unknown}
 i - a scroll of fear {unknown}
 j - a scroll of fog {unknown}
 k - 2 scrolls of remove curse {unknown}
Potions
 d - a potion of blood
 f - a potion of poison {unknown}
Books
 c - a book of Maledictions

   Spells                             Type                      Level
   a - Corona                         Hexes                        1
   b - Ensorcelled Hibernation        Hexes/Ice                    2
   c - Confuse                        Hexes                        3
   d - Tukima's Dance                 Hexes                        3
   e - Dazzling Spray                 Conjuration/Hexes            3


   Skills:
 + Level 0.6 Fighting
 + Level 1.7 Short Blades
 + Level 2.5 Dodging
 + Level 5.8 Stealth
 + Level 2.5 Spellcasting
 + Level 5.3 Hexes
 + Level 0.8 Ice Magic


You had 5 spell levels left.
You knew the following spells:

 Your Spells              Type           Power        Failure   Level  Hunger
a - Ensorcelled Hibernat  Hex/Ice        ##....       10%         2    ##.....
b - Corona                Hex            ###....      1%          1    #......


Dungeon Overview and Level Annotations

Branches:
Dungeon (4/15)
 Temple: D:4-7

Altars:
Okawaru


Innate Abilities, Weirdness & Mutations

You heal slowly.
You have razor-sharp teeth.
You have supernaturally acute eyesight.
You can survive without breathing.


Message History

The worm is almost dead.
You hit the worm.
The worm is almost dead.
The worm bites you!
Casting: Ensorcelled Hibernation
Confirm with . or Enter, or press ? or * to list all spells.
Aiming: Ensorcelled Hibernation
Press: ? - help, Shift-Dir - straight line, f/p - worm
Aim: a worm (almost dead, chance to defeat MR: 52%)
The worm resists with significant effort.
You hit the worm but do no damage.
The worm is almost dead.
The worm bites you!
* * * LOW HITPOINT WARNING * * *
You hit the worm.
The worm is almost dead.
You hit the worm but do no damage.
The worm is almost dead.
The worm bites you.
You die...

#......#
##.....#
#...##..##
###...# #...
#...## ##.##
...# ##...##
#..# ...
#....####.##
...
##........#
#........##
##.....#..#
#...%..##@#
#.......##w.#
#......##..##
..........##
#..........
##.. ##. ##


You could see a worm.

Vanquished Creatures
  Jessica (D:2)
  4 adders (D:2)
  An ooze (D:1)
  A giant gecko (D:1)
  2 bats
  A giant cockroach (D:1)
  8 hobgoblins
  3 giant newts
  9 goblins
  3 kobolds
  A quokka (D:2)
  9 rats (D:1)
43 creatures vanquished.

Notes
Turn   | Place    | Note
--------------------------------------------------------------
     0 | D:1      | lauthentik the Vampire Enchanter began the quest for the Orb.
     0 | D:1      | Reached XP level 1. HP: 13/13 MP: 3/3
   400 | D:1      | Reached XP level 2. HP: 19/19 MP: 5/5
   404 | D:1      | Learned a level 2 spell: Ensorcelled Hibernation
   763 | D:1      | Reached skill level 5 in Hexes
   889 | D:1      | Reached XP level 3. HP: 25/25 MP: 6/6
  1241 | D:2      | Reached skill level 5 in Stealth
  1244 | D:2      | Noticed Jessica
  1253 | D:2      | Killed Jessica
  1315 | D:2      | Found an iron altar of Okawaru.
  1326 | D:2      | Reached XP level 4. HP: 31/31 MP: 7/7
  1894 | D:3      | You fall through a shaft!
  1939 | D:4      | Slain by a worm

Vault maps used:
D:1:      dpeg_arrival_tiny_b, serial_forest, infiniplex_forest_diagonal,
          infiniplex_forest_lined_room_2, infiniplex_forest_lined_room_3,
          infiniplex_forest_zigzag_1, infiniplex_forest_lined_3_way,
          infiniplex_forest_end_1
D:2:      okawaru_trees_1, first_bread, uniq_jessica
D:3:      gup_sewer_entry_bowl, serial_park_tiny_pond, uniq_natasha
D:4:      nicolae_overflow_crystal_walls

Action                   |  1- 3 |  4- 6 || total
-------------------------+-------+-------++-------
Melee: Dagger            |    61 |    26 ||    87
 Cast: Corona            |     2 |       ||     2
       Ensorcelled Hiber |    15 |     9 ||    24
 Stab: Sleeping          |    24 |     8 ||    32
